 Dungeon Crawl Stone Soup version 0.25-a0-156-g0c4bda3fdf (webtiles) character file.

Game seed: 12398541118651688652, levelgen mode: deterministic

22774 MisterFreud the Nimble (level 12, -10/58 HPs)
             Began as a Felid Enchanter on Nov 20, 2019.
             Was an Elder of Uskayaw.
             Mangled by a dream sheep (11 damage)
             ... on level 6 of the Lair of Beasts.
             The game lasted 01:00:56 (26068 turns).

MisterFreud the Nimble (Felid Enchanter)           Turns: 26068, Time: 01:00:56

Health: -10/58     AC:  3    Str:  8    XL:     12   Next: 66%
Magic:  18/23      EV: 29    Int: 22    God:    Uskayaw [****..]
Gold:   1068       SH:  0    Dex: 16    Spells: 16/25 levels left
                                        Lives:  0   Deaths: 4

rFire    . . .     SeeInvis +     - Unarmed
rCold    + . .     Gourm    .   (shield unavailable)
rNeg     . . .     Faith    .   (armour unavailable)
rPois    .         Spirit   .   (helmet unavailable)
rElec    .         Reflect  .   (cloak unavailable)
rCorr    .         Harm     .   (gloves unavailable)
MR       +....                  (boots unavailable)
Stlth    +++++.....             h - amulet of the acrobat
HPRegen  0.19/turn              v - +4 ring of strength
MPRegen  0.18/turn              B - +3 ring of slaying

@: about to teleport, sleeping, slowed, quick
A: very small, no armour, no weapons or thrown items, stealth, claws 1, fangs 3,
see invisible, carnivore, speed 1, shaggy fur 3, slow metabolism 1, sharp paws
a: Stomp, Line Pass, Renounce Religion


You were on level 6 of the Lair of Beasts.
You worshipped Uskayaw.
Uskayaw was aware of your devotion.
You were very full.

You visited 2 branches of the dungeon, and saw 18 of its levels.

You collected 1068 gold pieces.

Inventory:

Jewellery
 h - an amulet of the acrobat (around neck)
 p - an uncursed ring of flight
 t - an uncursed ring of fire
 v - a +4 ring of strength (left paw)
 B - a +3 ring of slaying (right paw)
 F - an uncursed amulet of rage
Wands
 k - a wand of polymorph (10)
 l - a wand of paralysis (7)
 q - a wand of iceblast (9)
 r - a wand of flame (81)
 u - a wand of digging (5)
 x - a wand of random effects (15)
 C - a wand of disintegration (14)
Scrolls
 d - 3 scrolls of teleportation
 i - 3 scrolls of remove curse
 o - 2 scrolls of amnesia
 w - a scroll of fog
 y - 2 scrolls of identify
 A - 3 scrolls of magic mapping
Potions
 a - a potion of invisibility
 c - 11 potions of curing
 e - 2 potions of lignification
 f - 3 potions of agility
 g - a potion of mutation
 j - a potion of ambrosia
 m - 2 potions of flight
 n - 2 potions of haste
 s - 3 potions of brilliance
 D - a potion of berserk rage
 G - a potion of magic
 H - 3 potions of heal wounds
Miscellaneous
 z - a lightning rod (4/4)
Comestibles
 b - 39 rations


   Skills:
 - Level 10.0 Fighting
 + Level 13.6 Dodging
 - Level 10.0 Stealth
 - Level 10.0 Unarmed Combat
 + Level 7.0 Spellcasting
 - Level 12.0 Hexes
 - Level 10.0 Invocations
 * Level 7.0 Evocations


You had 16 spell levels left.
You knew the following spells:

 Your Spells              Type           Power        Failure   Level  Hunger
a - Corona                Hex            ######.      1%          1    None
b - Ensorcelled Hibernat  Hex/Ice        ####..       1%          2    None
c - Confuse               Hex            ######..     1%          3    None
d - Dazzling Spray        Conj/Hex       ####..       1%          3    None

Your spell library contained the following spells:

 Spells                   Type           Power        Failure   Level  Hunger
 Tukima's Dance           Hex            ######..     1%          3    None
 Sandblast                Erth           #.....       9%          1    None
 Shock                    Conj/Air       #...         9%          1    None
 Passwall                 Tmut/Erth      #.......     12%         2    None
 Swiftness                Chrm/Air       #.......     12%         2    None
 Static Discharge         Conj/Air       #.......     24%         3    None
 Stone Arrow              Conj/Erth      #.....       24%         3    None
 Airstrike                Air            #.........   63%         4    ###....
 Petrify                  Tmut/Erth      #.......     63%         4    ###....
 Lee's Rapid Deconstruct  Erth           #.........   92%         5    #####..
 Lightning Bolt           Conj/Air       #.........   92%         5    #####..


Dungeon Overview and Level Annotations

Branches:
Dungeon (12/15)            Temple (0/1) D:6            Lair (6/6) D:11
 Shoals (0/4) Lair:3       Spider (0/4) Lair:2        Slime (0/5) Lair:5
    Orc (0/2) D:12

Altars:
Elyvilon
Fedhas
Gozag
Hepliaklqana
Makhleb
Qazlal
Ru
Sif Muna
Trog
Uskayaw
The Shining One

Shops:
D:7 (*

Annotations:
D:6 Sigmund
D:12 Frances


Innate Abilities, Weirdness & Mutations

You cannot wear armour.
You are incapable of wielding weapons or throwing items.
Your paws allow you to move quietly. (Stealth)
You have sharp claws.
You have razor-sharp teeth.
You have supernaturally acute eyesight. (SInv)
You are carnivorous and can eat meat at any time.
You cover ground quickly.
Your thick and shaggy fur keeps you warm. (AC +3, rC+)
You have a slow metabolism.
Your sharp claws are effective at attacking unaware monsters.


Message History

Unknown command.
Unknown command.
Aiming: Line Pass
Press: ? - help, Dir - move target cursor, f - you, p - torpor snail
Okay, then.
Unknown command.
Unknown command.
As you read the scroll of teleportation, it crumbles to dust.
You feel strangely unstable.
The torpor snail is no longer paralysed.
The catoblepas gores you!
* * * LOW HITPOINT WARNING * * *
The dream sheep is engulfed in calcifying dust.
The dream sheep is moving more slowly.
The dream sheep ruffle their wool and motes of dream dust sparkle, to no effect.
The dream sheep shake their wool and sparkle.
You feel drowsy...
You fall asleep.
The dream sheep bites you!
You die...

#...P##.......##.....####
#.#..
####....[.....#.##......##
#....
#......................#.##
###.#
##.............P..........#
##.#
P..#†..P.####P.....<......#
#... PP..##.###
####.###..##### ##.#
...##### ######### #.#
.####### #####.P.### ###
.##...P# #.#P..@YY.## #
.......#####.....Y†Y.# #
#..†...##.....#####wk..#
.......##.....# .....#
.#.....##P.÷..# .....#
..†########...# ...###
.#..##...#...### #...
....##...#.#..P# k#.#
.....#.........# ...#


You could see a death yak, a catoblepas, a torpor snail (petrified), a lindwurm
and 2 dream sheep.

Vanquished Creatures
  Erolcha (D:9)
  A catoblepas (Lair:6)
  5 hydras
  A death yak (Lair:6)
  An unseen horror (D:12)
  A lindwurm (Lair:4)
  An orb spider (Lair:2)
  Pikel (D:8)
  A deep elf mage (D:10)
  A manticore (Lair:6)
  2 elephants (Lair:6)
  2 rust devils
  6 black mambas
  17 spiny frogs
  3 komodo dragons
  2 rime drakes
  A troll (D:10)
  A polar bear (Lair:4)
  3 hornets (Lair:6)
  2 tyrant leeches (Lair:6)
  10 hippogriffs
  25 blink frogs
  A spriggan (D:7)
  2 wyverns
  Grum (Lair:1)
  37 yaks
  A steam dragon (D:11)
  4 basilisks
  A hungry ghost (D:9)
  4 vampire mosquitoes
  An acid dragon (D:11)
  A soldier ant (D:12)
  8 water moccasins
  14 porcupines
  3 sky beasts
  2 orc warriors (D:11)
  An eye of draining (D:10)
  3 ice beasts
  5 black bears
  3 phantoms
  24 wolves
  8 ogres
  6 centaurs
  12 crocodiles
  A big kobold (D:12)
  14 bullfrogs
  A troll zombie (D:12)
  6 scorpions
  5 killer bees
  3 wights (D:10)
  A howler monkey (D:9)
  4 electric eels
  2 crimson imps (D:6)
  5 bullfrog zombies
  2 centaur zombies
  3 jellies
  9 hounds
  8 orc wizards
  3 orc priests
  4 iguanas
  2 centaur skeletons
  A bullfrog skeleton (D:5)
  A hell rat (Lair:6)
  8 worker ants
  An ogre zombie (D:12)
  2 worker ant zombies (D:11)
  A howler monkey skeleton (D:3)
  9 adders
  2 shadow imps (D:7)
  6 oozes
  4 adder skeletons
  7 worms
  2 dart slugs
  7 leopard geckos
  37 orcs
  A giant cockroach (D:5)
  7 goblins
  8 hobgoblins
  10 jackals
  5 quokkas
  4 ball pythons
  7 bats
  5 frilled lizards
  9 kobolds
  A leopard gecko skeleton (D:3)
  4 orc zombies (D:12)
  14 rats
466 creatures vanquished.

Vanquished Creatures (others)
  A centaur zombie (D:8)
  32 fungi
  52 plants
85 creatures vanquished.

Grand Total: 551 creatures vanquished

Notes
Turn   | Place    | Note
-------+----------+-------------------------------------------
     0 | D:1      | MisterFreud the Felid Enchanter began the quest for the
                  | Orb.
     0 | D:1      | Reached XP level 1. HP: 7/7 MP: 4/4
   650 | D:1      | Reached XP level 2. HP: 10/11 MP: 6/6
   654 | D:1      | Learned a level 2 spell: Ensorcelled Hibernation
  1415 | D:1      | Reached skill level 5 in Stealth
  1439 | D:1      | Reached XP level 3. HP: 12/14 MP: 7/7
  1451 | D:1      | Learned a level 3 spell: Confuse
  2806 | D:2      | Found a bloodstained altar of Trog.
  3377 | D:3      | Reached XP level 4. HP: 18/18 MP: 4/8
  4244 | D:3      | Slain by a hobgoblin
  4245 | D:3      | Reached XP level 3. HP: -3/14 MP: 4/7
  4285 | D:3      | Found a stormy altar of Qazlal.
  4286 | D:3      | Noticed a fire elemental
  4287 | D:3      | Noticed an air elemental
  4288 | D:3      | Noticed a water elemental
  4288 | D:3      | Noticed an earth elemental
  4374 | D:3      | Found a blossoming altar of Fedhas.
  4467 | D:3      | Found a burning altar of Makhleb.
  4708 | D:3      | Found a hide-covered altar of Uskayaw.
  4801 | D:3      | Became a worshipper of Uskayaw the Reveler
  4901 | D:4      | Reached XP level 4. HP: 18/18 MP: 1/8
  4913 | D:4      | Reached * piety under Uskayaw
  4976 | D:5      | Entered Level 5 of the Dungeon
  4985 | D:5      | Reached ** piety under Uskayaw
  5251 | D:4      | Reached XP level 5. HP: 19/21 MP: 6/9
  5339 | D:4      | Noticed an ogre
  5344 | D:4      | Killed an ogre
  5344 | D:4      | Reached skill level 5 in Unarmed Combat
  5358 | D:4      | Gained mutation: You are covered in thick fur. (AC +2)
                  | [Felid growth]
  5358 | D:4      | Reached XP level 6. HP: 12/24 MP: 5/10
  5648 | D:4      | Found an opulent altar of Gozag.
  5734 | D:4      | Found a white marble altar of Elyvilon.
  5807 | D:4      | Found a glowing golden altar of the Shining One.
  5917 | D:5      | Reached skill level 3 in Dodging
  5937 | D:5      | Reached skill level 4 in Dodging
  5974 | D:5      | Reached skill level 5 in Dodging
  6059 | D:5      | Reached XP level 7. HP: 27/27 MP: 8/11
  6128 | D:5      | Reached skill level 6 in Dodging
  7024 | D:6      | HP: 1/27 [bullfrog (5)]
  7062 | D:5      | Slain by a bullfrog
  7063 | D:5      | Reached XP level 6. HP: -2/24 MP: 0/10
  7094 | D:5      | Reached skill level 7 in Dodging
  7384 | D:6      | Noticed Sigmund
  7553 | D:6      | Reached skill level 8 in Dodging
  7562 | D:6      | Found a hazy altar of Hepliaklqana.
  7578 | D:6      | Reached XP level 7. HP: 19/27 MP: 7/11
  7851 | D:6      | Reached skill level 9 in Dodging
  7990 | D:6      | Found a staircase to the Ecumenical Temple.
  8206 | D:7      | Found Saaleuve's Superlative Supplies.
  8316 | D:7      | Noticed a spriggan baker
  8318 | D:7      | Killed a spriggan baker
  8318 | D:7      | Reached skill level 10 in Dodging
  8541 | D:7      | Found a shimmering blue altar of Sif Muna.
  8608 | D:7      | Identified the +4 shortbow "Biaff" {velocity, -Tele Str-5
                  | SInv Stlth+}
  8624 | D:7      | Reached XP level 8. HP: 9/31 MP: 4/12
  8626 | D:7      | Reached *** piety under Uskayaw
  8627 | D:7      | Reached **** piety under Uskayaw
  9166 | D:7      | Reached skill level 11 in Dodging
  9345 | D:7      | Found Tuqurusch's Antique Weapon Boutique.
  9355 | D:7      | Reached skill level 5 in Hexes
 10048 | D:8      | Noticed Pikel
 10067 | D:8      | Killed Pikel
 10067 | D:8      | Reached skill level 12 in Dodging
 10067 | D:8      | Reached XP level 9. HP: 34/34 MP: 4/15
 10476 | D:8      | Found a sacrificial altar of Ru.
 10917 | D:9      | Reached skill level 5 in Spellcasting
 11110 | D:9      | Noticed Erolcha
 11131 | D:9      | Killed Erolcha
 11131 | D:9      | Reached skill level 10 in Hexes
 11362 | D:9      | Reached skill level 1 in Fighting
 11384 | D:9      | Reached XP level 10. HP: 40/40 MP: 11/18
 11450 | D:10     | Entered Level 10 of the Dungeon
 12206 | D:10     | Noticed a deep elf mage
 12226 | D:10     | Killed a deep elf mage
 12795 | D:10     | Reached ***** piety under Uskayaw
 13136 | D:11     | Reached skill level 5 in Fighting
 13795 | D:11     | Found a staircase to the Lair.
 14077 | D:11     | Reached XP level 11. HP: 48/48 MP: 14/19
 14102 | D:11     | Reached skill level 1 in Invocations
 14620 | D:11     | HP: 1/48 [orc warrior/+0 battleaxe of chopping (5)]
 15081 | D:12     | Noticed a four-headed hydra
 15443 | D:12     | Found a staircase to the Orcish Mines.
 15443 | D:12     | Noticed an orc sorcerer
 15495 | D:12     | Reached skill level 10 in Stealth
 15530 | D:12     | Noticed an unseen horror
 15537 | D:12     | Killed an unseen horror
 15669 | D:12     | Noticed Frances
 15677 | D:12     | Noticed a soul eater
 15701 | D:11     | HP: 2/49 [vampire mosquito (13)]
 15704 | D:11     | Slain by a vampire mosquito
 15705 | D:11     | Reached XP level 10. HP: -2/46 MP: 16/18
 15738 | Lair:1   | Entered Level 1 of the Lair of Beasts
 15945 | Lair:1   | Noticed a spiny frog
 15975 | Lair:1   | Killed a spiny frog
 16007 | Lair:1   | Noticed a four-headed hydra
 16299 | Lair:1   | Killed a four-headed hydra
 16789 | Lair:1   | Noticed a spiny frog
 16797 | Lair:1   | Killed a spiny frog
 16914 | Lair:1   | Reached XP level 11. HP: 24/50 MP: 11/19
 17151 | Lair:1   | Reached skill level 5 in Invocations
 17549 | Lair:1   | Noticed Grum
 17555 | Lair:1   | Killed Grum
 18013 | Lair:2   | Found a hole to the Spider Nest.
 18013 | Lair:2   | Noticed an orb spider
 18034 | Lair:2   | Killed an orb spider
 18034 | Lair:2   | Reached skill level 10 in Unarmed Combat
 18341 | Lair:2   | Noticed a catoblepas
 18386 | Lair:1   | Learned a level 3 spell: Dazzling Spray
 19382 | Lair:3   | Gained mutation: Your thick and shaggy fur keeps you warm.
                  | (AC +3, rC+) [Felid growth]
 19382 | Lair:3   | Reached XP level 12. HP: 57/57 MP: 20/20
 19933 | Lair:3   | Found a staircase to the Shoals.
 20159 | Lair:3   | Reached skill level 10 in Fighting
 20734 | Lair:4   | Noticed a five-headed hydra
 20741 | Lair:4   | Killed a five-headed hydra
 21231 | Lair:5   | Noticed an eight-headed hydra
 21302 | Lair:4   | Reached skill level 10 in Invocations
 22206 | Lair:5   | Noticed a four-headed hydra
 22281 | Lair:5   | Found a staircase to the Slime Pits.
 22622 | Lair:5   | Noticed a seven-headed hydra
 22793 | Lair:5   | Killed an eight-headed hydra
 23194 | Lair:5   | Reached skill level 1 in Evocations
 23296 | Lair:5   | Killed a seven-headed hydra
 23676 | Lair:5   | Reached XP level 13. HP: 52/61 MP: 1/22
 24547 | Lair:6   | Entered Level 6 of the Lair of Beasts
 24754 | Lair:6   | Reached skill level 13 in Dodging
 24928 | Lair:6   | Reached skill level 5 in Evocations
 25516 | Lair:6   | HP: 2/61 [manticore (22)]
 26023 | Lair:6   | Paralysed by a hornet for 3 turns
 26025 | Lair:6   | Slain by a hornet
 26026 | Lair:6   | Reached XP level 12. HP: 0/58 MP: 2/23
 26063 | Lair:6   | Noticed a death yak
 26065 | Lair:6   | Killed a death yak
 26066 | Lair:6   | HP: 1/58 [catoblepas (13)]
 26068 | Lair:6   | Mangled by a dream sheep

Levels and vault maps discovered:
D:1:      ebering_trefoil_3fold, layout_basic, grunt_decor_one_mirror,
          skrybe_limestone_x
D:2:      layout_basic, bloody_trog
D:3:      layout_basic, fedhas_ov_isle_minmay, lemuel_coloured_pillars_altar,
          nicolae_qazlal_style_of_elements, lemuel_doored_altar, st_stairs_12,
          minmay_misc_feat_diagonals
D:4:      layout_cave_pools, nicolae_overflow_crystal_walls, tso_oasis_becter,
          nicolae_gozag_seed_capital, first_ration, chequers_garden
D:5:      layout_rooms, kennysheep_generic_room_4
D:6:      layout_cave_pools, old_standard_altar, minmay_temple_entry_poolview,
          sigmund_army
D:7:      layout_basic, led_sif_pool, serial_shops, kennysheep_mini_moat,
          the_bakery, nicolae_alphabet_shops, minmay_fractal_squares_gapless_5
D:8:      layout_basic, marbit_many_paths, minmay_circle_x, uniq_pikel
D:9:      layout_irregular_city, uniq_erolcha
D:10:     cheibrodos_iron_armory, layout_rooms
D:11:     layout_basic, minmay_lair_entry_grove
D:12:     layout_irregular_city, zombieorc2_lemuel, uniq_frances
Lair:1:   layout_loops_ring, chequers_serial_rivers_small_3, grunt_megastairs_3,
          serial_bayou_shore_a, lemuel_fruit_fields, uniq_grum
Lair:2:   layout_gridlike, nicolae_spider_entry_orb_guardian,
          serial_bayou_crossing
Lair:3:   layout_cave_pods, minmay_shoals_entry_centaurs, grunt_megastairs_4
Lair:4:   layout_small_grid, serial_bayou_shore_b
Lair:5:   layout_gridlike, nicolae_slime_entry_slimehenge, wad_woods_river_01
Lair:6:   wormcave, layout_loops_ring, hangedman_lair_in_review

Skill      XL: |  1  2  3  4  5  6  7  8  9 10 11 12 13 |
---------------+----------------------------------------+-----
Unarmed Combat | 2 4 5 6 9 10 | 10.0
Stealth        | 5 6 9 10 | 10.0
Dodging        | 8 10 12 13 | 13.6
Hexes          | 6 10 11 12 | 12.0
Spellcasting   | 3 5 7 6 |  7.0
Fighting       | 2 7 9 10 | 10.0
Invocations    | 4 7 10 | 10.0
Evocations     | 7 6 |  7.0

Action                   |  1- 3 |  4- 6 |  7- 9 | 10-12 | 13-15 || total
-------------------------+-------+-------+-------+-------+-------++-------
Melee: Unarmed           |   152 |   159 |   307 |   482 |   120 ||  1220
       Bite              |    10 |    11 |    27 |    31 |    14 ||    93
       Punch             |     2 |     4 |     7 |    11 |     5 ||    29
 Cast: Corona            |     7 |       |     1 |       |       ||     8
       Ensorcelled Hiber |    16 |    32 |    72 |   238 |    77 ||   435
       Confuse           |     1 |     5 |    25 |    49 |     8 ||    88
       Dazzling Spray    |       |       |       |     1 |     4 ||     5
Invok: Line Pass         |       |       |       |       |     1 ||     1
Evoke: Wand              |       |       |       |     2 |       ||     2
  Use: Scroll            |     4 |     5 |     9 |    13 |     3 ||    34
       Potion            |       |     1 |       |     3 |     1 ||     5
 Stab: Sleeping          |    23 |    31 |    40 |   142 |    43 ||   279
       Confused          |       |     4 |    16 |    37 |     4 ||    61
       Paralysed         |       |       |     3 |    14 |     8 ||    25
       Distracted        |       |       |     1 |     7 |     1 ||     9
       Petrified         |       |       |       |     1 |       ||     1
  Eat: Chunk             |    17 |    14 |    16 |    34 |     3 ||    84
Armor: Skin              |     9 |     4 |     8 |    11 |     7 ||    39
Dodge: Dodged            |   108 |   146 |   280 |   622 |   112 ||  1268

Table legend:
 A = Non-vault XP
 B = Vault XP
 C = Vault XP percentage of total XP
 D = Non-vault monster count
 E = Vault monster count
 F = Vault count percentage of total count
                 A         B        C        D         E       F
            +---------+---------+-------+---------+---------+-------
      Total |   46664 |   15542 |  25.0 |     382 |      84 |  18.0
            +---------+---------+-------+---------+---------+-------
        D:1 |      56 |       0 |   0.0 |      31 |       0 |   0.0
        D:2 |      26 |       0 |   0.0 |      13 |       0 |   0.0
        D:3 |      88 |       5 |   5.4 |      23 |       3 |  11.5
        D:4 |     352 |       0 |   0.0 |      16 |       0 |   0.0
        D:5 |     657 |       0 |   0.0 |      23 |       0 |   0.0
        D:6 |     343 |       6 |   1.7 |      13 |       3 |  18.8
        D:7 |     634 |     385 |  37.8 |      22 |       3 |  12.0
        D:8 |     665 |     939 |  58.5 |      11 |       9 |  45.0
        D:9 |     936 |     995 |  51.5 |      16 |       1 |   5.9
       D:10 |    3135 |     499 |  13.7 |      31 |       1 |   3.1
       D:11 |    2071 |    2290 |  52.5 |      21 |      16 |  43.2
       D:12 |    1395 |     101 |   6.8 |      11 |       6 |  35.3
     Lair:1 |    5706 |    1885 |  24.8 |      23 |       9 |  28.1
     Lair:2 |    3259 |     613 |  15.8 |      14 |       1 |   6.7
     Lair:3 |    5823 |    1107 |  16.0 |      24 |       7 |  22.6
     Lair:4 |    5327 |     133 |   2.4 |      16 |       1 |   5.9
     Lair:5 |    8933 |     625 |   6.5 |      39 |       9 |  18.8
     Lair:6 |    7258 |    5959 |  45.1 |      35 |      15 |  30.0
            +---------+---------+-------+---------+---------+-------
